 Dungeon Sprint DCSS version 0.18.1-50-g88ac8fd (webtiles) character file.

411 Kagutsuchi the Fighter (level 6, -6/99 HPs)
             Began as a Draconian Berserker on Oct 21, 2016.
             Was a Priest of Trog.
             Mangled by a crocodile (16 damage)
             ... in the Dungeon (Sprint II: "The Violet Keep of Menkaure").
             The game lasted 00:00:49 (74 turns).

Kagutsuchi the Fighter (Draconian Berserker)          Turns: 74, Time: 00:00:49

Health: -6/99      AC:  6    Str: 24    XL:     6   Next: 58%
Magic:  6/6        EV: 16    Int:  8    God:    Trog [***...]
Gold:   486        SH:  0    Dex: 12    Spells: 0 memorised, 5 levels left

rFire  . . .     SeeInvis .     a - +0 falchion
rCold  . . .     Gourm    .     (armour unavailable)
rNeg   . . .     Faith    .     (no shield)
rPois  .         Spirit   .     (helmet restricted)
rElec  .         Dismiss  .     (no cloak)
rCorr  .         Reflect  .     (no gloves)
SustAt .         Harm     .     (no boots)
MR     .....     NoTele   +     (no amulet)
Stlth  ..........               (no ring)
                                (no ring)

@: berserking, lethally poisoned (-6 -> -7), very slightly contaminated, hasted,
very quick, not resistant to hostile enchantments, extremely unstealthy
A: unfitting armour, cold-blooded, AC +6
a: Berserk, Trog's Hand, Burn Spellbooks, Renounce Religion


You were in the Dungeon.
You worshipped Trog.
Trog was most pleased with you.
You were not hungry.

You visited 1 branch You collected 486 gold pieces.

Inventory:

Hand Weapons
 a - a +0 falchion (weapon)
Scrolls
 h - a scroll of blinking
Potions
 f - 2 potions of magic
 g - a potion of berserk rage
Comestibles
 b - a bread ration


   Skills:
 + Level 9.7 Fighting
 + Level 8.5 Long Blades
 + Level 8.2 Dodging


You had 5 spell levels left.
You didn't know any spells.

Dungeon Overview and Level Annotations

Branches:
Dungeon (1/1)

Altars:

Shops:
D !(:}=!%}?[[%%=:


Innate Abilities, Weirdness & Mutations

Your plain brown scales are hard (AC +6).
Your body does not fit into most forms of armour.
You are cold-blooded and may be slowed by cold attacks.


Message History

Moving in this stuff is going to be slow.
Found a long sword.
Found Pulieqo's Antique Weapon Shoppe and Dacziep's Distillery.
A crocodile comes into view.
A red film seems to cover your vision as you go berserk!
You feel yourself moving faster!
You feel mighty!
You feel somewhat more hungry.
You feel sick. Menkaure hits you but does no damage.
Your unstable footing causes you to fumble your attack.
Your unstable footing causes you to fumble your attack.
Menkaure splashes around in the water.
You slash Menkaure!
You destroy Menkaure!
Trog appreciates your killing of a magic user.
Your Dodging skill increases to level 8!
Found a metallic emerald potion.
Found Maliakhle's Food Shoppe and Peqan's Jewellery Emporium.
Your unstable footing causes you to fumble your attack.
The crocodile bites you!
You die...

########≈≈#+++
#######≈≈≈...
...∩.∩#≈≈≈≈. +##
..∩.∩.#≈≈≈≈## #.##
.∩.∩..#≈≈≈ #.###.#
∩.∩...#≈≈####.#.##
.∩....#t##.###†##
∩.∩...#@##..##.##
.∩.∩..+≈'.##†.<.+
..∩.∩.#≈##..##.##
▓▓▓▓###≈##.###+#
)######≈≈### ! ##≈
+#


You could see a crocodile.

Vanquished Creatures
  2 hippogriffs (D)
  Menkaure (D)
  4 worker ants (D)
7 creatures vanquished.

Notes
Turn   | Place    | Note
--------------------------------------------------------------
     0 | D        | Kagutsuchi the Draconian Berserker began the quest for the Orb.
     0 | D        | Reached XP level 1. HP: 19/19 MP: 1/1
     1 | D        | Noticed a hippogriff
     1 | D        | Noticed a hippogriff
     7 | D        | Killed a hippogriff
     7 | D        | Reached skill level 7 in Fighting
     7 | D        | Reached skill level 5 in Dodging
     7 | D        | Reached XP level 2. HP: 15/34 MP: 2/2
     7 | D        | Reached XP level 3. HP: 17/39 MP: 3/3
     7 | D        | Reached XP level 4. HP: 21/47 MP: 4/4
    14 | D        | Killed a hippogriff
    14 | D        | Reached ** piety under Trog
    14 | D        | Reached skill level 8 in Fighting
    14 | D        | Reached XP level 5. HP: 6/56 MP: 5/5
    34 | D        | Reached XP level 6. HP: 27/62 MP: 6/6
    40 | D        | Reached skill level 9 in Fighting
    59 | D        | Reached *** piety under Trog
    66 | D        | Found Wuneyky's Jewellery Emporium.
    66 | D        | Found Ywoargh's Magic Scroll Shoppe.
    66 | D        | Found Biruz's Gadget Emporium.
    66 | D        | Found Xeyrphy's Food Shoppe.
    66 | D        | Found Henac's Antique Armour Shoppe.
    66 | D        | Found Bosmatan's Distillery.
    66 | D        | Noticed Menkaure
    67 | D        | Found Miuxar's Gadget Shoppe.
    67 | D        | Found Tyirul's Book Emporium.
    67 | D        | Found Mefank's Food Shoppe.
    67 | D        | Found Lawogh's Book Shoppe.
    67 | D        | Found Edwud's Antique Armour Emporium.
    68 | D        | Found Pulieqo's Antique Weapon Shoppe.
    68 | D        | Found Dacziep's Distillery.
    72 | D        | Killed Menkaure
    73 | D        | Found Maliakhle's Food Shoppe.
    73 | D        | Found Peqan's Jewellery Emporium.
    74 | D        | Mangled by a crocodile

Skill      XL: |  1  2  3  4  5  6 |
---------------+-------------------+-----
Fighting       | 7 8 9 |  9.7
Long Blades    | 6 7 8 |  8.5
Dodging        | 5 7 8 |  8.2

Action                   |  1- 3 |  4- 6 || total
-------------------------+-------+-------++-------
Melee: Falchion          |     5 |    40 ||    45
       Tailslap          |     1 |     4 ||     5
Invok: Berserk           |     1 |     1 ||     2
  Use: Potion            |       |     3 ||     3
Armor: Skin              |     1 |    10 ||    11
Dodge: Dodged            |     5 |    29 ||    34
